 Dungeon Crawl Stone Soup version 0.31-a0-145-g046c7d2549 (webtiles) character file.

Game seed: 8361208881184613101

4729 Darkkill the Skirmisher (level 10, -10/91 HPs)
             Began as a Minotaur Hunter on June 5, 2023.
             Was an Initiate of Gozag.
             Mangled by an orc knight
             ... wielding a +0 war axe
              (16 damage)
             ... on level 7 of the Dungeon.
             The game lasted 00:09:42 (7781 turns).

Darkkill the Skirmisher (Minotaur Hunter)           Turns: 7781, Time: 00:09:42

Health: -10/91     AC: 10    Str: 16    XL:     10   Next: 22%
Magic:  9/9        EV: 16    Int:  6    God:    Gozag
Gold:   909        SH:  0    Dex: 18    Spells: 9/9 levels left

rFire   . . .        w - +0 scythe
rCold   . . .        (shield currently unavailable)
rNeg    . . .        C - +1 leather armour of Fortification {Regen+}
rPois   .            (helmet restricted)
rElec   .            y - +2 cloak
rCorr   .            n - +2 pair of gloves
SInv    .            (no boots)
Will    .....        (no amulet)
Stlth   +++          (no ring)
HPRegen 1.15/turn    (no ring)
MPRegen 0.11/turn

%: no passive effects
@: on berserk cooldown, slowed, very slow
A: horns 2, retaliatory headbutt
a: Renounce Religion, Potion Petition, Call Merchant, Bribe Branch


You were on level 7 of the Dungeon.
You worshipped Gozag.
Gozag was pleased with you.
You visited 2 branches of the dungeon, and saw 8 of its levels.
You also visited: Sewer and Bailey.

You collected 989 gold pieces.
You paid 80 gold pieces to Gozag.

Inventory:

Hand Weapons
 a - a +5 heavy shortbow
 w - a +0 scythe (weapon)
Missiles
 f - 4 throwing nets {=f !f}
 g - 124 stones
 h - 32 poisoned darts
 j - 3 datura-tipped darts
 l - 9 javelins
 x - 4 boomerangs
Armour
 c - a +1 leather armour
 n - a +2 pair of gloves (worn)
 y - a +2 cloak (worn)
 C - the +1 leather armour of Fortification (worn) {Regen+}
   (You found it on level 7 of the Dungeon)

   Regen:     It increases your rate of health regeneration.
Jewellery
 o - an amulet of faith
Scrolls
 e - a scroll of identify {@r1}
 r - a scroll of vulnerability
 F - a scroll of brand weapon
 G - a scroll of magic mapping
Potions
 d - 3 potions of might
 i - a potion of enlightenment
 k - 3 potions of brilliance
 m - 6 potions of mutation
 q - 2 potions of haste
 s - 3 potions of magic
 t - a potion of cancellation
 u - a potion of experience
 A - a potion of ambrosia


   Skills:
 + Level 9.3 Fighting
 + Level 9.4 Ranged Weapons
 + Level 8.5 Dodging
 + Level 6.9 Stealth


You had 9 spell levels left.
You didn't know any spells.
Your spell library contained the following spells:

 Spells                   Type           Power      Damage    Failure   Level
 Sublimation of Blood     Necr           0%         N/A       67%         2
 Petrify                  Tmut/Erth      0%         N/A       99%         4
 Irradiate                Conj/Tmut      0%         3d11      100%        5


Dungeon Overview and Level Annotations

Branches:
Dungeon (7/15)             Temple (1/1) D:6           Sewer (visited)
 Bailey (visited)

Altars:
Ashenzari
Cheibriados
Dithmenos
Fedhas
Gozag
Kikubaaqudgha
Nemelex Xobeh
Okawaru
Qazlal
Ru
Sif Muna
Trog
Uskayaw
Vehumet
Wu Jian
Xom
Yredelemnul

Shops:
D:1 *   D:2 =

Annotations:
D:6 1 runed translucent door, Crazy Yiuf
D:7 2 transporters, pigah's ghost, novice OpWn


Innate Abilities, Weirdness & Mutations

You have a pair of horns on your head.
You reflexively headbutt those who attack you in melee.


Message History

Press: ? - help, Q - select action, (/) - cycle Dir - look around, f - activate Look: an orc knight, wielding a +0 war axe and wearing a +0 plate armour (lightly wounded, strong, chance to affect: 90%)
As you read the scroll of fear, it crumbles to dust.
You assume a fearsome visage.
The orc warlord looks frightened!
The orc knight looks frightened!
The orc knight yells, "Help!"
Your butterfly disappears in a burst of colours!
The orc knight gibbers meaninglessly.
The orc knight no longer looks unusually strong.
Your butterfly disappears in a burst of colours!
The orc knight roars a battlecry!
The orc warlord goes into a battle-frenzy!
There is an open door here.
The orc warlord roars a battlecry!
The orc knight goes into a battle-frenzy!
There is an open gate here.
The orc warlord no longer looks unusually strong.
There is a gate leading back out of this place here.
The orc knight roars a battlecry!
The orc warlord goes into a battle-frenzy!
Welcome back to the Dungeon!
Level annotation: 2 transporters, pigah's ghost, novice OpWn
There is an empty arch of ancient stone here.
Fire: a) +5 shortbow (heavy)
Press: ? - help, Q - select action, (/) - cycle Shift-Dir - straight line, f - orc knight
Aim: an orc knight, wielding a +0 war axe and wearing a +0 plate armour (lightly wounded, strong, 73% to hit)
You shoot an arrow. The arrow hits the orc knight.
The orc knight is lightly wounded.
The orc knight hits you with a +0 war axe!! x2
Fire: a) +5 shortbow (heavy)
Press: ? - help, Q - select action, (/) - cycle Shift-Dir - straight line, f/p - orc knight
Aim: an orc knight, wielding a +0 war axe and wearing a +0 plate armour (lightly wounded, strong, 73% to hit)
You shoot an arrow.
The arrow hits the orc knight but does no damage.
The orc knight is lightly wounded.
The orc knight hits you with a +0 war axe!
Unknown command.
You are now empty-handed.
The orc knight no longer looks unusually strong.
w - a +0 scythe (weapon)
The orc knight hits you with a +0 war axe!!
* * * LOW HITPOINT WARNING * * *
A red film seems to cover your vision as you go berserk!
You feel yourself moving faster!
You feel mighty!
The orc knight hits you but does no damage.
You hit the orc knight. Your headbutt misses the orc knight.
The orc knight is moderately wounded.
The orc knight hits you but does no damage.
You hit the orc knight but do no damage.
Your headbutt misses the orc knight.
The orc knight is moderately wounded.
The orc knight closely misses you.
You hit the orc knight but do no damage.
The orc knight is moderately wounded.
The orc knight hits you with a +0 war axe.
* * * LOW HITPOINT WARNING * * *
You slash the orc knight!
The orc knight is moderately wounded.
The orc knight misses you.
You hit the orc knight but do no damage.
The orc knight is moderately wounded.
The orc knight hits you with a +0 war axe.
* * * LOW HITPOINT WARNING * * *
You closely miss the orc knight.
The orc knight is moderately wounded.
The orc knight hits you with a +0 war axe.
* * * LOW HITPOINT WARNING * * *
You closely miss the orc knight.
The orc knight is moderately wounded.
The orc knight hits you with a +0 war axe.
* * * LOW HITPOINT WARNING * * *
You hit the orc knight.
The orc knight is moderately wounded.
The orc knight misses you. You furiously retaliate!
You headbutt the orc knight! You barely miss the orc knight.
You headbutt the orc knight, but do no damage.
The orc knight is heavily wounded.
The orc knight hits you with a +0 war axe!
* * * LOW HITPOINT WARNING * * *
You puncture the orc knight! You headbutt the orc knight!
The orc knight is severely wounded.
The orc knight hits you but does no damage.
You barely miss the orc knight.
You headbutt the orc knight, but do no damage.
The orc knight is severely wounded.
The orc knight hits you with a +0 war axe.
* * * LOW HITPOINT WARNING * * *
You closely miss the orc knight. Your headbutt misses the orc knight.
The orc knight is severely wounded.
The orc knight hits you with a +0 war axe!
* * * LOW HITPOINT WARNING * * *
You puncture the orc knight!
The orc knight is almost dead.
You are no longer berserk.
You are exhausted.
You feel yourself slow down.
The orc knight hits you with a +0 war axe!
You die...
Your body crumbles into a pile of gold.

#.... # #....
#.##... #.#....
...~≈ #.~#####
#.≈#..o# #.~..@.# #
### #.~#...# #.##.##
##.~#####~
##.#...####..~~≈~~~~
...>......).........
#..#...####.........
....#.## ##.......#
≈≈≈○#.# ##.....##
☼≈≈§#.# ##^..##


You could see an orc knight.

Vanquished Creatures
  Sigmund (D:5)
  A wyvern (D:7)
  5 yaks (D:7)
  An ice beast (D:5)
  A sky beast (D:6)
  13 orc warriors (Bailey)
  4 black bears
  An ogre (D:5)
  A phantom (D:6)
  A bullfrog (D:6)
  A gnoll sergeant (D:6)
  A wyvern zombie (D:6)
  A water moccasin zombie (D:6)
  4 scorpions
  A bullfrog zombie (D:6)
  2 centaur zombies (D:6)
  3 gnoll boudas
  2 hounds
  A jelly (D:5)
  4 orc priests
  Natasha (twice) (D:3)
  Terence (D:3)
  2 sleepcaps (D:6)
  An iguana (D:3)
  7 orc wizards
  A killer bee zombie (D:6)
  22 gnolls
  10 adders
  8 river rats (Sewer)
  2 shadow imps (D:5)
  A white imp (D:6)
  2 dart slugs
  23 orcs
  5 bats
  An endoplasm (Sewer)
  5 giant cockroaches
  20 goblins
  16 hobgoblins
  3 jackals (D:3)
  A quokka (D:3)
  10 ball pythons
  4 frilled lizards
  21 kobolds
  24 rats
241 creatures vanquished.

Notes
Turn   | Place    | Note
-------+----------+-------------------------------------------
     0 | D:1      | Darkkill the Minotaur Hunter began the quest for the Orb.
     0 | D:1      | Reached XP level 1. HP: 18/18 MP: 0/0
   130 | D:1      | Found a faded altar of an unknown god.
   140 | D:1      | Reached skill level 1 in Stealth
   316 | D:1      | Reached XP level 2. HP: 25/25 MP: 1/1
   565 | D:1      | Found Gaeth's Assorted Antiques.
   595 | D:1      | You fall into a shaft and drop 1 floor!
   918 | D:2      | Found Guzev's Jewellery Emporium.
   987 | D:2      | Reached XP level 3. HP: 22/31 MP: 2/2
  1659 | D:3      | Noticed Terence
  1662 | D:3      | Killed Terence
  1663 | D:3      | Reached XP level 4. HP: 38/38 MP: 3/3
  1691 | D:3      | Noticed Natasha
  1696 | D:3      | Killed Natasha
  1697 | D:3      | Reached skill level 5 in Ranged Weapons
  1751 | D:3      | Found a shadowy altar of Dithmenos.
  1996 | D:3      | Noticed Natasha
  1998 | D:3      | Killed Natasha
  1999 | D:3      | Reached XP level 5. HP: 46/46 MP: 4/4
  2227 | D:3      | Found a glowing drain.
  2238 | Sewer    | Entered a sewer
  2437 | Sewer    | Reached XP level 6. HP: 52/52 MP: 5/5
  3523 | D:4      | Reached XP level 7. HP: 30/60 MP: 6/6
  3526 | D:4      | HP: 11/60 [poisoned by an orc wizard]
  3552 | D:4      | Reached skill level 5 in Fighting
  3798 | D:5      | Entered Level 5 of the Dungeon
  4047 | D:5      | Reached skill level 5 in Dodging
  4065 | D:5      | HP: 7/61 [ice beast (11)]
  4076 | D:5      | Noticed Sigmund
  4084 | D:5      | Killed Sigmund
  4085 | D:5      | Reached XP level 8. HP: 38/70 MP: 7/7
  4815 | D:6      | Found a staircase to the Ecumenical Temple.
  4882 | Temple   | Entered the Ecumenical Temple
  5026 | Temple   | Became a worshipper of Gozag Ym Sagoz the Greedy
  5423 | D:6      | Reached skill level 5 in Stealth
  5905 | D:6      | Found a basalt altar of Yredelemnul.
  5910 | D:6      | Reached XP level 9. HP: 74/79 MP: 8/8
  6017 | D:6      | Found a runed translucent door.
  6018 | D:6      | Noticed Crazy Yiuf
  6295 | D:7      | Found a transporter.
  6295 | D:7      | Found a transporter.
  6315 | D:7      | Noticed pigah's ghost (novice OpWn)
  6321 | D:7      | Noticed a two-headed ogre
  6618 | D:7      | Identified the +1 leather armour of Fortification {Regen+}
  6629 | D:7      | Found a shimmering blue altar of Sif Muna.
  6688 | D:7      | Found a flagged portal.
  6695 | Bailey   | Entered a bailey
  6956 | Bailey   | Reached XP level 10. HP: 55/91 MP: 9/9
  7314 | Bailey   | Noticed an orc warlord
  7314 | Bailey   | Noticed an orc knight
  7368 | Bailey   | HP: 17/91 [orc knight/+0 war axe (22)]
  7369 | Bailey   | HP: 5/91 [orc knight/+0 war axe (20)]
  7767 | D:7      | HP: 18/91 [orc knight/+0 war axe (20)]
  7774 | D:7      | HP: 26/136 [orc knight/+0 war axe (5)]
  7779 | D:7      | HP: 18/136 [orc knight/+0 war axe (6)]
  7780 | D:7      | HP: 8/136 [orc knight/+0 war axe (11)]
  7781 | D:7      | Mangled by an orc knight

Illustrated notes

Levels and vault maps discovered:
D:1:      giann_forest_graveyard, layout_basic, serial_shops,
          nicolae_shop_dealshenge, ebering_ecumenical_altar_rust,
          chequers_serial_rivers_room_a
D:2:      layout_basic, serial_shops, shop, nrook_mini_vaults
D:3:      layout_basic, lemuel_doored_altar, portal_sewer_entry_d, uniq_natasha,
          uniq_terence
D:4:      black_bear_nest_1, layout_rooms
D:5:      layout_loops_ring, uniq_sigmund
D:6:      layout_basic, nicolae_yredelemnul_corpse_copse,
          minmay_temple_entry_drinking_statues, minivault_11,
          chequers_arboretum, minmay_misc_feat_pillars, uniq_crazy_yiuf_cottage
D:7:      layout_loops_corners, good_gods_mini_temple,
          nicolae_sif_muna_condensation, enter_bailey_3, nzn_ghost_randoct,
          uniq_menkaure
Temple:   minmay_temple_curvy_branch

Skill      XL: |  1  2  3  4  5  6  7  8  9 |
---------------+----------------------------+-----
Stealth        | 1 2 3 4 5 6 |  6.9
Fighting       | 3 4 6 7 9 |  9.3
Dodging        | 3 4 5 6 8 |  8.5
Ranged Weapons | 5 6 7 9 |  9.4

Action                     |  1- 3 |  4- 6 |  7- 9 | 10-12 || total
---------------------------+-------+-------+-------+-------++-------
  Melee: Halberd           |       |       |       |    13 ||    13
         Headbutt          |       |       |       |     3 ||     3
   Fire: Shortbow          |    87 |   150 |   257 |    70 ||   564
  Evoke: Wand              |       |       |       |     6 ||     6
    Use: Scroll            |    11 |    12 |     8 |     7 ||    38
         Potion            |       |     1 |     3 |     2 ||     6
 Armour: Leather armour    |     7 |    34 |    50 |    10 ||   101
  Dodge: Dodged            |    24 |    50 |   104 |    37 ||   215

Table legend: (Time is in decaauts)
 A = Elapsed time spent in this place.
 B = Non-inter-level travel time spent in this place.
 C = Inter-level travel time spent in this place.
 D = Time resting spent in this place.
 E = Time spent auto-exploring this place.
 F = Levels seen in this place.
 G = Mean time per level.
                   A        B        C        D        E       F      G
               +--------+--------+--------+--------+--------+-----+--------+
         Total |   8107 |   7910 |    197 |    332 |   5986 |  10 |  810.7 |
       Dungeon |   6066 |   5894 |    172 |      0 |   4972 |   7 |  866.6 |
        Temple |    293 |    268 |     25 |      0 |    264 |   1 |  293.0 |
         Sewer |    629 |    629 |      0 |      0 |    450 |   1 |  629.0 |
        Bailey |   1117 |   1117 |      0 |    332 |    300 |   1 | 1117.0 |
               +--------+--------+--------+--------+--------+-----+--------+

Top non-repeatable levels by time:
     D:6: 1300 daAuts
  Bailey: 1117 daAuts
     D:5: 991 daAuts
     D:3: 980 daAuts
     D:2: 916 daAuts
     D:1: 725 daAuts
     D:4: 706 daAuts
   Sewer: 629 daAuts
     D:7: 447 daAuts
  Temple: 293 daAuts

Levels and vault maps discovered:
D:1:      giann_forest_graveyard, layout_basic, serial_shops,
          nicolae_shop_dealshenge, ebering_ecumenical_altar_rust,
          chequers_serial_rivers_room_a
D:2:      layout_basic, serial_shops, shop, nrook_mini_vaults
D:3:      layout_basic, lemuel_doored_altar, portal_sewer_entry_d, uniq_natasha,
          uniq_terence
D:4:      black_bear_nest_1, layout_rooms
D:5:      layout_loops_ring, uniq_sigmund
D:6:      layout_basic, nicolae_yredelemnul_corpse_copse,
          minmay_temple_entry_drinking_statues, minivault_11,
          chequers_arboretum, minmay_misc_feat_pillars, uniq_crazy_yiuf_cottage
D:7:      layout_loops_corners, good_gods_mini_temple,
          nicolae_sif_muna_condensation, enter_bailey_3, nzn_ghost_randoct,
          uniq_menkaure
Temple:   minmay_temple_curvy_branch

Table legend: (Time is in decaauts)
 A = Elapsed time spent in this place.
 B = Non-inter-level travel time spent in this place.
 C = Inter-level travel time spent in this place.
 D = Time resting spent in this place.
 E = Time spent auto-exploring this place.
 F = Levels seen in this place.
 G = Mean time per level.
                   A        B        C        D        E       F      G
               +--------+--------+--------+--------+--------+-----+--------+
         Total |   8107 |   7910 |    197 |    332 |   5986 |  10 |  810.7 |
       Dungeon |   6066 |   5894 |    172 |      0 |   4972 |   7 |  866.6 |
        Temple |    293 |    268 |     25 |      0 |    264 |   1 |  293.0 |
         Sewer |    629 |    629 |      0 |      0 |    450 |   1 |  629.0 |
        Bailey |   1117 |   1117 |      0 |    332 |    300 |   1 | 1117.0 |
               +--------+--------+--------+--------+--------+-----+--------+

Top non-repeatable levels by time:
     D:6: 1300 daAuts
  Bailey: 1117 daAuts
     D:5: 991 daAuts
     D:3: 980 daAuts
     D:2: 916 daAuts
     D:1: 725 daAuts
     D:4: 706 daAuts
   Sewer: 629 daAuts
     D:7: 447 daAuts
  Temple: 293 daAuts

Table legend:
 A = Kills in this place as a percentage of kills in the entire game.
 B = Kills by you in this place as a percentage of kills by you in the entire game.
 C = Kills by friends in this place as a percentage of kills by friends in the entire game.
 D = Other kills in this place as a percentage of other kills in the entire game.
 E = Experience gained in this place as a percentage of experience gained in the entire game.
 F = Experience gained in this place divided by the number of levels of this place that you have seen.
                   A       B       C       D       E      F
               +-------+-------+-------+-------+-------+----------------------
         Total | 100.0 | 100.0 |   N/A |   N/A | 100.0 | 675.6
       Dungeon |  62.2 |  62.2 |   N/A |   N/A |  69.8 | 673.9
         Sewer |  20.3 |  20.3 |   N/A |   N/A |   2.5 | 166.0
        Bailey |  17.4 |  17.4 |   N/A |   N/A |  27.7 | 1873.0
               +-------+-------+-------+-------+-------+----------------------
